 Dungeon Crawl Stone Soup version 0.31.0-12-g77e489cdc1 (webtiles) character file.

Game seed: 11462244631488585720

114 lordive the Twirler (level 4, 0/37 HPs)
             Began as a Minotaur Gladiator on Feb 28, 2024.
             Slain by a quokka (4 damage)
             ... on level 4 of the Dungeon.
             The game lasted 00:03:19 (2157 turns).

lordive the Twirler (Minotaur Gladiator)            Turns: 2157, Time: 00:03:20

Health: 0/37       AC:  6    Str: 19    XL:     4   Next: 67%
Magic:  3/3        EV: 17    Int:  5    God:
Gold:   128        SH:  0    Dex: 13    Spells: 3/3 levels left

rFire   . . .        a - +0 quarterstaff
rCold   . . .        (shield currently unavailable)
rNeg    . . .        g - +0 ring mail
rPois   .            c - +0 hat
rElec   .            (no cloak)
rCorr   .            (no gloves)
SInv    .            l - +0 pair of boots
Will    .....        (no amulet)
Stlth   +            k - +5 ring of evasion
HPRegen 0.26/turn    (no ring)
MPRegen 0.08/turn

%: no passive effects
@: no status effects
A: horns 2, retaliatory headbutt
a: no special abilities


You were on level 4 of the Dungeon.
You visited 1 branch of the dungeon, and saw 4 of its levels.

You collected 138 gold pieces.
You spent 10 gold pieces at shops.

Inventory:

Hand Weapons
 a - a +0 quarterstaff (weapon)
Missiles
 d - 3 throwing nets (quivered)
 e - a javelin
Armour
 c - a +0 hat (worn)
 g - a +0 ring mail (worn)
 l - a +0 pair of boots (worn)
 r - a +0 buckler
Jewellery
 k - a +5 ring of evasion (left hand)
Wands
 o - a wand of quicksilver (9)
Scrolls
 b - 3 scrolls of identify {unknown}
 f - a scroll of immolation {unknown}
 m - 2 scrolls of fear {unknown}
 n - a scroll of blinking {unknown}
 p - 2 scrolls of fog {unknown}
 q - a scroll of teleportation {unknown}
Potions
 h - a potion of enlightenment {unknown}
 i - a potion of curing {unknown}
 j - a potion of heal wounds {unknown}


   Skills:
 + Level 2.8 Fighting
 + Level 5.3 Staves
 - Level 2.0 Throwing
 + Level 1.9 Armour
 + Level 4.1 Dodging


You had 3 spell levels left.
You didn't know any spells.
Your spell library contained the following spells:

 Spells                   Type           Power      Damage    Failure   Level
 Apportation              Tloc           0%         N/A       67%         1
 Necrotise                Necr           0%         1d4       67%         1
 Sting                    Conj/Alch      0%         1d3       67%         1
 Summon Small Mammal      Summ           0%         N/A       67%         1
 Summon Lightning Spire   Summ/Air       0%         N/A       100%        4
 Yara's Violent Unravell  Hex/Alch       0%         3d3       100%        5


Dungeon Overview and Level Annotations

Branches:
Dungeon (4/15)
 Temple: D:4-7

Altars:

Shops:
D:2 !


Innate Abilities, Weirdness & Mutations

You have a pair of horns on your head.
You reflexively headbutt those who attack you in melee.


Message History

You are too injured to fight recklessly!
You are too injured to fight recklessly!
You are too injured to fight recklessly!
You are too injured to fight recklessly!
You are too injured to fight recklessly!
You are too injured to fight recklessly!
You are too injured to fight recklessly!
You are too injured to fight recklessly!
You are too injured to fight recklessly!
You are too injured to fight recklessly!
You are too injured to fight recklessly!
You are too injured to fight recklessly!
You are too injured to fight recklessly!
You are too injured to fight recklessly!
You are too injured to fight recklessly!
You are too injured to fight recklessly!
Unknown command.
You hit the jelly but do no damage.
Your hands burn!
* * * LOW HITPOINT WARNING * * *
The jelly is heavily wounded.
The hound bites you.
* * * LOW HITPOINT WARNING * * *
The adder barely misses you. The hound bites you but does no damage.
The jelly completely misses you. The quokka barely misses you.
The hound attacks as it pursues you! The hound misses you.
The adder barely misses you. You furiously retaliate!
You headbutt the adder, but do no damage.
The quokka completely misses you. You furiously retaliate!
You headbutt the quokka. The hound attacks as it pursues you!
The hound barely misses you. You furiously retaliate!
You headbutt the hound. The adder closely misses you.
The quokka attacks as it pursues you! The quokka misses you.
The hound closely misses you. The adder barely misses you.
The jelly hits you but does no damage. The hound attacks as it pursues you!
The hound completely misses you. The hound closely misses you.
There is a stone staircase leading down here.
The quokka bites you but does no damage.
The hound barely misses you. The jelly barely misses you. The quokka bites you.
You die...

.. #.....#
... #.[...#
#... #.....#
#...##.....#
./.....<...#
...........#
.......S...#
......rhJ..#
#...##.@...#
#... #.....#
#.. #.....#
#. #####+#


You could see a hound, a jelly, an adder and a quokka.

Vanquished Creatures
  4 adders (D:3)
  A dart slug (D:1)
  4 orcs (D:3)
  4 bats
  5 endoplasms
  4 giant cockroaches
  6 goblins
  9 hobgoblins
  3 jackals (D:2)
  2 quokkas
  7 ball pythons
  5 frilled lizards
  8 kobolds
  5 rats
67 creatures vanquished.

Notes
Turn   | Place    | Note
-------+----------+-------------------------------------------
     0 | D:1      | lordive the Minotaur Gladiator began the quest for the Orb.
     0 | D:1      | Reached XP level 1. HP: 18/18 MP: 0/0
   214 | D:1      | Reached skill level 4 in Staves
   250 | D:1      | Reached XP level 2. HP: 19/25 MP: 1/1
   822 | D:2      | Found a faded altar of an unknown god.
   837 | D:2      | Reached XP level 3. HP: 29/30 MP: 2/2
  1131 | D:2      | Got the Parchment of Unlucky Clouds
  1199 | D:2      | Reached skill level 1 in Armour
  1340 | D:2      | Found Quckie's Distillery.
  1347 | D:2      | Bought a potion of degeneration for 10 gold pieces
  1589 | D:3      | Reached XP level 4. HP: 36/37 MP: 3/3
  1656 | D:3      | Reached skill level 5 in Staves
  2157 | D:4      | Slain by a quokka

Illustrated notes

Levels and vault maps discovered:
D:1:      lightli_arrival_statuegarden, layout_loops_ring
D:2:      layout_loops_ring, hellmonk_ecumenical_altar_arch_garden,
          serial_shops, nicolae_shop_pleasant_corner_grove
D:3:      layout_basic, dreamdust_princess_bridge,
          nicolae_elevator_lobby_asterisk
D:4:      layout_gridville, uniq_menkaure

Skill      XL: |  1  2  3  4 |
---------------+-------------+-----
Staves         | 4 5 |  5.3
Dodging        | 4 |  4.1
Armour         | 1 |  1.9
Fighting       | |  2.8
Throwing       | |  2.0

Action                     |  1- 3 |  4- 6 || total
---------------------------+-------+-------++-------
  Melee: Quarterstaff      |    93 |    26 ||   119
         Headbutt          |     7 |     1 ||     8
 Armour: Leather armour    |     6 |       ||     6
         Ring mail         |    37 |    15 ||    52
  Dodge: Dodged            |    78 |    35 ||   113
